[Event "Early-Titled-Tuesday-Blitz-February-13-2024"]
[Site "Chess.com"]
[Date "2024.02.13"]
[Round "5"]
[White "FoxOnTheRun97"]
[Black "scarabee43"]
[Result "1-0"]
[WhiteElo "2666"]
[BlackElo "2860"]
[TimeControl "180+1"]
[EndTime "8:58:54 PST"]
[Termination "FoxOnTheRun97 won by resignation"]

1. d4 Nf6 2. Bg5 d5 3. e3 Bg4 4.
f3 Bf5 5. Bd3 Bxd3 6. Qxd3 Nbd7 7.
f4 e6 8. Nd2 Be7 9. Ngf3 c5 10.
c3 Qb6 11. O-O-O h6 12. Bxf6 Nxf6 13. Ne5 cxd4 14. exd4 Nd7 15. Ndf3 Nxe5 16. Nxe5 O-O 17. Nd7 Qd6 18. Nxf8 Qxf4+ 19. Qd2 Qxd2+ 20. Kxd2 Rxf8 21. Kd3 b5 22. a4 bxa4 23. Ra1 Rb8 24. Rhb1 a3 25.
bxa3 Rc8 26. Rb7 Bd6 27. Rxa7 Bxh2 28. Rb7 e5 29. a4 e4+ 30. Kc2 Bg3 31. a5 Bf2 32.
Kd2 e3+ 33. Kd3 Bg3 34. a6 Bf4 35. a7 Ra8 36. Rf1 g5 37. Rxf4 gxf4 38. Rb8+ 1-0

[Event "Early-Titled-Tuesday-Blitz-February-13-2024"]
[Site "Chess.com"]
[Date "2024.02.13"]
[Round "5"]
[White "Nouali_Mohamed"]
[Black "AlexPapasimakopoulos"]
[Result "1-0"]
[WhiteElo "2560"]
[BlackElo "2716"]
[TimeControl "180+1"]
[EndTime "8:58:56 PST"]
[Termination "Nouali_Mohamed won by checkmate"]

1. e4 e6 2. d4 d5 3. Nc3 Bb4 4. Ne2 Nc6 5. a3 Ba5 6. b4 Bb6 7. e5 Nge7 8. Na4 O-O 9. g3 f6 10. exf6 Rxf6 11. Bg2 e5 12. Nxb6 axb6 13. dxe5 Nxe5 14.
Bb2 Nf3+ 15. Kf1 Rf7 16. Nf4 Rxf4 17. gxf4 Nh4 18. Qh5 Nxg2 19. Rg1 g6 20. Qe5 Qf8 21. Kxg2 Bf5 22. Rae1 Be4+ 23. f3 Nc6 24. Qh8+ Kf7 25. Qxf8+ Rxf8 26. fxe4 Rd8 27. exd5 Rxd5 28. Rd1 Rf5 29.
Kg3 Ne7 30. Rge1 Nd5 31. c4 Nxf4 32. Rd7+ Kf8 33. Bg7+ Kg8 34. Re8+ Rf8 35. Rxf8# 1-0

[Event "Early-Titled-Tuesday-Blitz-February-13-2024"]
[Site "Chess.com"]
[Date "2024.02.13"]
[Round "5"]
[White "wonderfultime"]
[Black "Anton_Demchenko"]
[Result "1-0"]
[WhiteElo "3076"]
[BlackElo "2936"]
[TimeControl "180+1"]
[EndTime "8:58:58 PST"]
[Termination "wonderfultime won by resignation"]

1. d4 Nf6 2. Nf3 g6 3. Bf4 Bg7 4. h3 O-O 5. e3 d6 6. Be2 Nc6 7. O-O e5 8. Bh2 Ne4 9. c3 Re8 10. Na3 Bf5 11. Nc4 Qe7 12. a4 Rad8 13. a5 exd4 14. cxd4 Nb4 15. Qb3 c5 16. Nxd6 Rxd6 17.
dxc5 Rdd8 18. Qxb4 Qxc5 19. Qxc5 Nxc5 20. Rac1 Nb3 21. Rc7 Nxa5 22. b4 Nb3 23. Rxb7 Rd7 24. Rxd7 Bxd7 25. Bc4 Be6 26. Bxe6 Rxe6 27. Rb1 Rc6 28.
Bb8 a6 29. Rxb3 Rc1+ 30. Kh2 1-0

[Event "Early-Titled-Tuesday-Blitz-February-13-2024"]
[Site "Chess.com"]
[Date "2024.02.13"]
[Round "5"]
[White "Beca95"]
[Black "kingofthenil"]
[Result "0-1"]
[WhiteElo "2920"]
[BlackElo "2701"]
[TimeControl "180+1"]
[EndTime "8:58:58 PST"]
[Termination "kingofthenil won by resignation"]

1. d4 d5 2. Nf3 Nf6 3. Bf4 c5 4.
e3 Nh5 5. Be5 Nc6 6. Nbd2 f6 7. c4 cxd4 8. Bxd4 e5 9. Bc3 d4 10.
exd4 exd4 11. Nxd4 Nxd4 12. Qxh5+ g6 13. Qd1 Bf5 14.
Qa4+ b5 15. cxb5 Nc2+ 16. Kd1 Nxa1 17. b6+ Kf7 18. b7 Rb8 19. Bc4+ Kg7 20. Qc6 Qd6 21. Qf3 Qd7 22. Qf4 Bd6 23. Qh4 Be5 24. Bxe5 fxe5 25. Ke2 Nc2 26. Rd1 Rhd8 27. Kf1 Qxb7 28. h3 Rd4 29.
Qg3 Qc7 30. Be2 Rbd8 0-1

[Event "Early-Titled-Tuesday-Blitz-February-13-2024"]
[Site "Chess.com"]
[Date "2024.02.13"]
[Round "5"]
[White "mertfelin"]
[Black "Msb2"]
[Result "0-1"]
[WhiteElo "2325"]
[BlackElo "2985"]
[TimeControl "180+1"]
[EndTime "8:58:58 PST"]
[Termination "Msb2 won by checkmate"]

1. e4 e6 2. d4 d5 3. Nd2 c5 4. Ngf3 Nf6 5. exd5 Nxd5 6. Nb3 cxd4 7. Nbxd4 Bb4+ 8.
Bd2 O-O 9. Bd3 h6 10. O-O Be7 11. Re1 Nd7 12. Nb3 Qc7 13. h3 b6 14. Qe2 N5f6 15. Bc3 Bb7 16. Rad1 Rad8 17. Ne5 Nxe5 18. Bxe5 Qc6 19. f3 Qc8 20. c3 Rd5 21. Bb1 Rfd8 22. Qc2 Rxd1 23. Rxd1 Rxd1+ 24. Qxd1 a5 25. Qc2 a4 26. Nd4 a3 27. b3 Qc5 28. f4 Be4 29.
Qc1 Bxb1 30. Qxb1 Qxc3 31. Kh1 Qb2 32. Qd3 Bc5 33. Nc6 Qc1+ 34. Kh2 Bg1+ 35. Kg3 Qe1+ 36. Kf3 Qf2# 0-1

[Event "Early-Titled-Tuesday-Blitz-February-13-2024"]
[Site "Chess.com"]
[Date "2024.02.13"]
[Round "5"]
[White "eagleclaw07"]
[Black "Dinamo3"]
[Result "1-0"]
[WhiteElo "2798"]
[BlackElo "2525"]
[TimeControl "180+1"]
[EndTime "8:58:58 PST"]
[Termination "eagleclaw07 won on time"]

1. d4 Nf6 2. Nf3 g6 3. c4 Bg7 4. g3 O-O 5. Bg2 d6 6. O-O Nc6 7. Nc3 Bf5 8. d5 Na5 9. Nd2 c5 10. e4 Bd7 11. Qc2 a6 12. b3 b5 13. Bb2 Rb8 14. Rab1 e5 15. Nd1 bxc4 16. bxc4 Ne8 17. Bc3 Rxb1 18. Qxb1 f5 19. exf5 gxf5 20. Ne3 f4 21.
Nd1 Bf5 22. Be4 Bxe4 23. Qxe4 Nf6 24. Qf5 Kh8 25. Qh3 Qb6 26. Kh1 Nb7 27. gxf4 exf4 28.
Rg1 Qc7 29. Ne4 Nd8 30. Rxg7 Qxg7 31. Nxf6 Rxf6 32. Qh4 Kg8 33. Qxf6 Qxf6 34. Bxf6 Nf7 35. Nc3 1-0

[Event "Early-Titled-Tuesday-Blitz-February-13-2024"]
[Site "Chess.com"]
[Date "2024.02.13"]
[Round "5"]
[White "Elnaz_Kaliakhmet"]
[Black "xakevicius91"]
[Result "1-0"]
[WhiteElo "2338"]
[BlackElo "2531"]
[TimeControl "180+1"]
[EndTime "8:58:58 PST"]
[Termination "Elnaz_Kaliakhmet won by checkmate"]

1. d4 Nf6 2. c4 e6 3. Nf3 c5 4. d5 exd5 5. cxd5 d6 6. Nc3 g6 7. e4 Bg7 8. h3 O-O 9. Bd3 Re8 10. O-O Nbd7 11. Bf4 Bf8 12. Nd2 a6 13. a4 Ne5 14. Be2 Nfd7 15. Bh2 g5 16. f4 gxf4 17.
Bxf4 Bg7 18. Kh1 Qe7 19. a5 Ng6 20. Bh2 Nde5 21. Nc4 Nxc4 22. Bxc4 Bd7 23. Qb3 Rab8 24. Qb6 Ne5 25. Be2 Bf8 26. Rf2 Qd8 27. Raf1 Qxb6 28. axb6 Bg7 29. Bxe5 Rxe5 30. Rxf7 Be8 31. Rc7 Bg6 32.
Bg4 h5 33. Be6+ Kh8 34. Bc8 Bxe4 35. Nxe4 Rxe4 36. Rff7 Re1+ 37. Kh2 Be5+ 38. g3 h4 39. Rf8# 1-0

[Event "Early-Titled-Tuesday-Blitz-February-13-2024"]
[Site "Chess.com"]
[Date "2024.02.13"]
[Round "5"]
[White "EsmeraldasAnderson03"]
[Black "BelaKis"]
[Result "1/2-1/2"]
[WhiteElo "2394"]
[BlackElo "2197"]
[TimeControl "180+1"]
[EndTime "8:58:59 PST"]
[Termination "Game drawn by agreement"]

1. d4 Nf6 2. c4 g6 3. Nc3 Bg7 4. e4 d6 5. Be2 O-O 6. Be3 a6 7.
a4 c5 8. d5 e6 9. Nf3 exd5 10.
exd5 Bg4 11. O-O Nbd7 12. h3 Bxf3 13. Bxf3 Re8 14. Bf4 Ne5 15. Be2 Qc7 16. Re1 Re7 17. Bf1 h6 18. Qd2 Kh7 19. Bh2 Rae8 20. f4 Ned7 21. Rxe7 Rxe7 22. Re1 Qd8 23. Bd3 Ne8 24. Kh1 Rxe1+ 25. Qxe1 Kg8 26. b3 Kf8 27. Ne4 f5 28. Nd2 Qe7 29. Qxe7+ Kxe7 30. g4 fxg4 31. hxg4 Kf7 32.
Kg2 Bc3 33. Ne4 Bg7 34. Kf3 Ndf6 35. f5 Nxe4 36. Bxe4 g5 37. Bg3 a5 38. Bd3 b6 39.
Be2 Ke7 40. Ke3 Nf6 41. Bf3 Ne8 42. Bf2 Nf6 43. Be1 Ne8 44. Bd2 Be5 45. Ke4 Nf6+ 46. Kd3 Ne8 47. Bc3 Bxc3 48. Kxc3 Kf6 49. Kd3 Ke5 50. Be2 Nf6 51. Bd1 Ne8 52. Ke3 Nf6 53. Bf3 Ne8 54. Be2 Nf6 55. Bf3 Ne8 1/2-1/2

[Event "Early-Titled-Tuesday-Blitz-February-13-2024"]
[Site "Chess.com"]
[Date "2024.02.13"]
[Round "5"]
[White "Bigfish1995"]
[Black "Binary010"]
[Result "1-0"]
[WhiteElo "3173"]
[BlackElo "2901"]
[TimeControl "180+1"]
[EndTime "8:59:02 PST"]
[Termination "Bigfish1995 won by resignation"]

1. e4 e5 2. Nf3 Nf6 3. Nxe5 d6 4. Nf3 Nxe4 5. d3 Nf6 6. d4 g6 7. Bd3 Bg7 8. Qe2+ Qe7 9. Qxe7+ Kxe7 10. h3 Re8 11. O-O Kf8 12. a4 a5 13. Na3 Bd7 14. Nb5 Na6 15. c3 Bc6 16. Nd2 Ne4 17. Nc4 b6 18. Bf4 Re6 19. Rfe1 Rae8 20. Bxe4 Rxe4 21. Rxe4 Bxe4 22. Nxc7 Nxc7 23. Bxd6+ Kg8 24. Bxc7 Rc8 25. Nd6 Rxc7 26. Nxe4 Re7 27. Ng3 f5 28. Kf1 f4 29.
Ne2 g5 30. Nc1 Kf7 31. Nd3 Rc7 32. Ke2 Ke6 33. Kd2 h5 34. g4 fxg3 35. fxg3 Kd5 36. Rf1 Kc4 37. Kc2 Re7 38. b3+ Kd5 39. Rf5+ Kd6 40. Rxg5 Bf6 41. Rg6 Ke6 42. Nf4+ Kf5 43. Rxf6+ 1-0

[Event "Early-Titled-Tuesday-Blitz-February-13-2024"]
[Site "Chess.com"]
[Date "2024.02.13"]
[Round "5"]
[White "Kopytkin"]
[Black "Ariadna_Atreides"]
[Result "1-0"]
[WhiteElo "2373"]
[BlackElo "2139"]
[TimeControl "180+1"]
[EndTime "8:59:02 PST"]
[Termination "Kopytkin won by checkmate"]

1. e4 c6 2. d4 d5 3. exd5 cxd5 4.
c4 e6 5. Nc3 Nf6 6. Nf3 Bb4 7.
Bd3 a6 8. cxd5 Nxd5 9. Bd2 O-O 10. O-O Nxc3 11. bxc3 Be7 12. h4 Nd7 13. h5 Nf6 14.
h6 g6 15. Ne5 Qc7 16. Qf3 Bd7 17. Rab1 Rab8 18. Bg5 Bc6 19. Nxc6 Qxc6 20. Qxc6 bxc6 21. Bf4 Ra8 22. Rb7 Nd5 23. Bd2 Bd6 24. Rfb1 Bf4 25. Bxf4 Nxf4 26. Be4 Nd5 27. c4 f5 28. cxd5 fxe4 29.
dxc6 Rac8 30. Rg7+ Kh8 31. Rbb7 Rfd8 32. Rxh7+ Kg8 33.
Rbg7+ Kf8 34. Rh8# 1-0

[Event "Early-Titled-Tuesday-Blitz-February-13-2024"]
[Site "Chess.com"]
[Date "2024.02.13"]
[Round "5"]
[White "MIss_MIaMI"]
[Black "David_George21"]
[Result "1-0"]
[WhiteElo "2428"]
[BlackElo "2248"]
[TimeControl "180+1"]
[EndTime "8:59:05 PST"]
[Termination "MIss_MIaMI won by resignation"]

1. e4 c5 2. Nf3 d6 3. d4 cxd4 4.
c3 Nf6 5. Bd3 dxc3 6. Nxc3 Nc6 7. h3 e6 8. O-O a6 9. Qe2 Be7 10. Rd1 O-O 11. e5 Nd7 12. exd6 Bxd6 13. Bxh7+ Kxh7 14.
Rxd6 Qe7 15. Rd3 g6 16. Bf4 Re8 17. Bd6 Qf6 18. Ne4 Qg7 19. Rad1 e5 20. Ba3 Nf8 21. Nd6 Rd8 22. Ng5+ Kg8 23. Ngxf7 Rd7 24. Ng5 Nd4 25. Qe4 Qf6 26. Qd5+ Kh8 27. Nge4 Qe6 28. Rxd4 exd4 29. Qxd4+ Rg7 30. Ng5 Qe2 31. Ndf7+ Kg8 32. Nh6+ Kh8 33. Bxf8 1-0

[Event "Early-Titled-Tuesday-Blitz-February-13-2024"]
[Site "Chess.com"]
[Date "2024.02.13"]
[Round "5"]
[White "Preobrazhenska_D2011"]
[Black "marsofsilva"]
[Result "1/2-1/2"]
[WhiteElo "2346"]
[BlackElo "2105"]
[TimeControl "180+1"]
[EndTime "8:59:05 PST"]
[Termination "Game drawn by repetition"]

1. e4 c5 2. Nf3 Nc6 3. Bb5 Nf6 4.
Bxc6 dxc6 5. d3 g6 6. O-O Bg7 7. Re1 O-O 8. h3 b6 9. a4 a5 10. e5 Nd5 11. Nbd2 Nc7 12. Ne4 Ne6 13. Be3 Nd4 14. Nxd4 cxd4 15. Bf4 Bb7 16. Qf3 c5 17. Nf6+ exf6 18. Qxb7 Rb8 19. Qc6 fxe5 20. Bxe5 Bxe5 21.
Rxe5 Qc8 22. Qf6 Re8 23. Rae1 Qd7 24. Re7 Rxe7 25. Rxe7 Qd5 26. b3 Rf8 27. Qxb6 Qg5 28. Rc7 Qc1+ 29. Kh2 Qf4+ 30. Kg1 Qc1+ 31. Kh2 Qf4+ 32.
Kg1 Qc1+ 1/2-1/2

[Event "Early-Titled-Tuesday-Blitz-February-13-2024"]
[Site "Chess.com"]
[Date "2024.02.13"]
[Round "5"]
[White "Korchmar_Vasiliy"]
[Black "thesupera12"]
[Result "1-0"]
[WhiteElo "2732"]
[BlackElo "2519"]
[TimeControl "180+1"]
[EndTime "8:59:06 PST"]
[Termination "Korchmar_Vasiliy won by resignation"]

1. e4 d5 2. exd5 Qxd5 3. Nc3 Qa5 4. d4 Nf6 5. Nf3 Bg4 6. h3 Bh5 7. g4 Bg6 8. Ne5 c6 9. h4 Nbd7 10. Nc4 Qc7 11. h5 Be4 12. Nxe4 Nxe4 13. Bg2 Nd6 14. Bf4 O-O-O 15. b4 Nb6 16. Na5 e5 17. Bxe5 f6 18. Bg3 Re8+ 19. Kf1 Qe7 20. Qf3 Ne4 21. Qf5+ Nd7 22. Bh2 Nd2+ 23. Kg1 Qxb4 24. Nxc6 bxc6 25.
Bxc6 Qxd4 26. c3 g6 27. Qb5 Qxg4+ 28. Bg3 Bc5 29. Bxd7+ Kd8 30. Bxg4 1-0

[Event "Early-Titled-Tuesday-Blitz-February-13-2024"]
[Site "Chess.com"]
[Date "2024.02.13"]
[Round "5"]
[White "Inepton_Fermion"]
[Black "mary-sanna"]
[Result "1-0"]
[WhiteElo "2406"]
[BlackElo "2153"]
[TimeControl "180+1"]
[EndTime "8:59:06 PST"]
[Termination "Inepton_Fermion won by resignation"]

1. e4 c5 2. Nf3 Nc6 3. d4 cxd4 4. Nxd4 Nf6 5. Nc3 e5 6. Ndb5 d6 7. Nd5 Nxd5 8. exd5 Nb8 9. c4 Be7 10. a4 O-O 11. Be2 Nd7 12. O-O a6 13. Nc3 Kh8 14. a5 f5 15. f4 e4 16. b4 Bf6 17.
Bb2 b6 18. Qb3 bxa5 19. Rxa5 Rb8 20. Ra4 Nc5 21. Qc2 Nxa4 22. Nxa4 Rxb4 23. Ba3 Rb8 24. Rd1 Rf7 25. h3 Rfb7 26. c5 dxc5 27. Nxc5 Rc7 28. d6 Rc6 29. Qd2 Qb6 30. Kh2 Rxc5 31. Bxc5 Qxc5 32. d7 Bb7 33. d8=Q+ Rxd8 34. Qxd8+ Bxd8 35. Rxd8+ 1-0

[Event "Early-Titled-Tuesday-Blitz-February-13-2024"]
[Site "Chess.com"]
[Date "2024.02.13"]
[Round "5"]
[White "rikchessmx"]
[Black "Kotlyar_K"]
[Result "0-1"]
[WhiteElo "2303"]
[BlackElo "2550"]
[TimeControl "180+1"]
[EndTime "8:59:07 PST"]
[Termination "Kotlyar_K won by resignation"]

1. e4 e5 2. Nf3 Nc6 3. Bc4 Nf6 4. d3 Be7 5. c3 O-O 6. h3 d6 7. Bb3 Kh8 8. Qe2 Ng8 9. g4 g6 10. Be3 f5 11. gxf5 gxf5 12. exf5 Bxf5 13. Nbd2 a5 14. Bc2 Qe8 15. Ne4 Nf6 16. Ng3 Be6 17. Ng5 Bg8 18.
O-O-O Nd5 19. h4 Nf4 20. Bxf4 Rxf4 21. d4 exd4 22. Nh5 Bxg5 23. hxg5 Qxe2 24. Nxf4 Qxf2 25.
Rdf1 Qe3+ 26. Kb1 Ne5 27. g6 Rf8 28. gxh7 Bc4 29. Ng2 Rxf1+ 30. Rxf1 Qh6 31. cxd4 Bxf1 32. dxe5 dxe5 33. Ne1 Qe3 0-1

[Event "Early-Titled-Tuesday-Blitz-February-13-2024"]
[Site "Chess.com"]
[Date "2024.02.13"]
[Round "5"]
[White "PLAYER_2006_M"]
[Black "rezamahdavi2008"]
[Result "1-0"]
[WhiteElo "3016"]
[BlackElo "2845"]
[TimeControl "180+1"]
[EndTime "8:59:09 PST"]
[Termination "PLAYER_2006_M won by resignation"]

1. e4 e5 2. Nf3 Nc6 3. Bb5 a6 4.
Ba4 d6 5. O-O Bd7 6. c3 g5 7. d4 g4 8. Ne1 Bg7 9. d5 Nce7 10. Qxg4 Bxa4 11. Qxg7 Ng6 12. b3 Bd7 13. Nd3 Qh4 14. f4 N8e7 15. fxe5 O-O-O 16. exd6 cxd6 17. Nd2 Rhg8 18. Qf6 Qh5 19. Nf3 Bg4 20. Qg5 Bxf3 21. Rxf3 Qxf3 22. gxf3 Ne5 23. Nxe5 dxe5 24. Kf2 Rxg5 25.
Bxg5 Re8 26. Bxe7 Rxe7 27. c4 f6 28. c5 Kd7 29. Rg1 Rf7 30. Rg8 Kc7 31. b4 Kd7 32. a4 Kc7 33. b5 axb5 34. axb5 Kd7 35. b6 h5 36. Rb8 1-0

[Event "Early-Titled-Tuesday-Blitz-February-13-2024"]
[Site "Chess.com"]
[Date "2024.02.13"]
[Round "5"]
[White "Ati1517"]
[Black "mariangie523"]
[Result "1-0"]
[WhiteElo "2243"]
[BlackElo "2088"]
[TimeControl "180+1"]
[EndTime "8:59:11 PST"]
[Termination "Ati1517 won on time"]

1. e4 c5 2. Nf3 d6 3. d4 cxd4 4.
Nxd4 Nf6 5. Nc3 g6 6. Be3 Bg7 7. f3 O-O 8. Qd2 Nc6 9. O-O-O d5 10. Nxc6 bxc6 11. Bd4 dxe4 12. fxe4 Bg4 13. Be2 Bxe2 14. Qxe2 Qa5 15. g4 Qg5+ 16. Kb1 Qxg4 17. Qc4 Nxe4 18. Bxg7 Nxc3+ 19. Qxc3 Rfd8 20. Rd3 Rxd3 21. cxd3 f6 22. Bh6 g5 23. h4 Qh5 24. Qxc6 1-0

[Event "Early-Titled-Tuesday-Blitz-February-13-2024"]
[Site "Chess.com"]
[Date "2024.02.13"]
[Round "5"]
[White "GMKrikor"]
[Black "newyorkmouse"]
[Result "1-0"]
[WhiteElo "2886"]
[BlackElo "2659"]
[TimeControl "180+1"]
[EndTime "8:59:12 PST"]
[Termination "GMKrikor won by resignation"]

1. Nf3 c5 2. c4 Nc6 3. Nc3 e5 4. e3 f5 5. d4 e4 6. d5 exf3 7.
dxc6 dxc6 8. Qxd8+ Kxd8 9. gxf3 Kc7 10. b3 Be6 11. Bb2 Nh6 12. Ne2 Nf7 13. Nf4 Bd7 14. Rg1 Rg8 15. Nh5 g5 16. Nf6 Rg6 17. Nxd7 Kxd7 18.
O-O-O+ Ke6 19. Bh3 h5 20. e4 g4 21. exf5+ Kxf5 22. fxg4+ hxg4 23. Rxg4 Rxg4 24. f3 Ne5 25. fxg4+ Nxg4 26. Rf1+ Kg5 27. Rg1 Kh4 28. Bxg4 Bh6+ 29. Kb1 Rg8 30.
h3 Be3 31. Bf6+ Bg5 32. Bxg5+ Rxg5 33. Rd1 b5 34. Rd7 bxc4 35. bxc4 a5 36. Ra7 a4 37.
Rxa4 Kg3 38. Ra3+ Kh4 39. Ra6 Rg6 40. Ra5 Kg5 41. Rxc5+ Kh6 42. a4 Kg7 43. a5 Rf6 44. a6 Rf7 45. Ra5 c5 46. a7 Kf6 47. a8=Q Kg7 48.
Ra7 Kf6 49. Rxf7+ Kg6 50. Qe4+ 1-0

[Event "Early-Titled-Tuesday-Blitz-February-13-2024"]
[Site "Chess.com"]
[Date "2024.02.13"]
[Round "5"]
[White "N4700000"]
[Black "Grossboss19"]
[Result "0-1"]
[WhiteElo "2445"]
[BlackElo "2602"]
[TimeControl "180+1"]
[EndTime "8:59:12 PST"]
[Termination "Grossboss19 won on time"]

1. e4 e5 2. Nf3 Nc6 3. Bc4 Bc5 4. c3 Nf6 5. d4 exd4 6. cxd4 Bb4+ 7. Nbd2 d5 8. exd5 Nxd5 9. O-O O-O 10. a3 Bxd2 11. Bxd2 Bg4 12. Be3 Qd6 13. h3 Bh5 14. Rc1 Rad8 15.
Bg5 Rd7 16. g4 Bg6 17. Re1 Nf4 18. Bxf4 Qxf4 19. d5 Be4 20. Ng5 Bxd5 21. Nxh7 Be6 22.
Qb3 Bxc4 23. Rxc4 Qd2 24. Ree4 Qd1+ 25. Qxd1 Rxd1+ 26. Kg2 Kxh7 0-1

[Event "Early-Titled-Tuesday-Blitz-February-13-2024"]
[Site "Chess.com"]
[Date "2024.02.13"]
[Round "5"]
[White "VeraVujovic"]
[Black "gxbg2000"]
[Result "1-0"]
[WhiteElo "2241"]
[BlackElo "2067"]
[TimeControl "180+1"]
[EndTime "8:59:12 PST"]
[Termination "VeraVujovic won by resignation"]

1. e4 e6 2. d4 d5 3. exd5 exd5 4. Nc3 Be6 5. Bd3 g6 6. Nge2 Bg7 7. O-O Ne7 8. Re1 O-O 9. Bf4 c6 10. Qd2 Re8 11. Rad1 Nd7 12. Bh6 Bh8 13. Bg5 Qc7 14.
Nf4 Nf5 15. Nxe6 Rxe6 16. Bxf5 Rxe1+ 17. Rxe1 gxf5 18. Bh6 Qd6 19. Re3 Nf8 20. Bf4 Qb4 21. Rg3+ Ng6 22. Nxd5 Qxd2 23. Ne7+ Kg7 24. Bxd2 Kf6 25.
Bg5+ Ke6 26. Re3+ Kd7 27. Nxf5 f6 28. Bh4 Nxh4 29. Re7+ Kd8 30. Rxh7 Ng6 31. Nh4 Nxh4 32. Rxh8+ Kc7 33. Rxa8 Nf5 34. c3 a6 35. Rf8 Nd6 36. Rxf6 Ne4 37. Rf7+ Kc8 38. h4 b5 39. h5 a5 40. h6 Ng5 41. Rg7 Ne6 42. Rg8+ Kd7 43. h7 1-0

[Event "Early-Titled-Tuesday-Blitz-February-13-2024"]
[Site "Chess.com"]
[Date "2024.02.13"]
[Round "5"]
[White "karinachess1"]
[Black "themind1hunter"]
[Result "1-0"]
[WhiteElo "2679"]
[BlackElo "2506"]
[TimeControl "180+1"]
[EndTime "8:59:13 PST"]
[Termination "karinachess1 won on time"]

1. d4 d5 2. c4 e6 3. Nc3 Bb4 4. a3 Bxc3+ 5. bxc3 Nf6 6. f3 O-O 7.
cxd5 exd5 8. e3 c5 9. Bd3 c4 10. Bc2 Nc6 11. Ne2 Ne7 12. Ng3 h5 13. O-O h4 14.
Nh1 h3 15. Ng3 hxg2 16. Rf2 Bh3 17. e4 dxe4 18. fxe4 Ng6 19. Bg5 Qb6 20. Bxf6 gxf6 21.
Qd2 Kh7 22. Nh5 Rh8 23. Rxf6 Qc7 24. e5 Raf8 25. Qg5 Rhg8 26. Re1 Qd7 27. e6 fxe6 28. Bxg6+ 1-0

[Event "Early-Titled-Tuesday-Blitz-February-13-2024"]
[Site "Chess.com"]
[Date "2024.02.13"]
[Round "5"]
[White "SmirnovTimofey2000"]
[Black "AlexandraSamaganova"]
[Result "1-0"]
[WhiteElo "1989"]
[BlackElo "2320"]
[TimeControl "180+1"]
[EndTime "8:59:13 PST"]
[Termination "SmirnovTimofey2000 won on time"]

1. e4 c5 2. c3 Nf6 3. e5 Nd5 4.
Nf3 d6 5. exd6 Qxd6 6. d4 cxd4 7. cxd4 Bg4 8. Be2 e6 9. O-O Nc6 10. Nc3 Nxc3 11. bxc3 Be7 12. a4 O-O 13. h3 Bh5 14. Ba3 Qd8 15. Re1 Rc8 16. Bxe7 Nxe7 17. c4 Qa5 18. c5 Nd5 19. Ne5 Bxe2 20. Qxe2 Qc3 21.
Qd3 Qxd3 22. Nxd3 Rfd8 23. Ne5 Nb4 24. Rab1 a5 25. Red1 Rd5 26. Nc4 Rcd8 27. Nxa5 Na2 28. Rxb7 Nc3 29. Rd3 Nxa4 30. Nc6 Ra8 31. Ne7+ 1-0

[Event "Early-Titled-Tuesday-Blitz-February-13-2024"]
[Site "Chess.com"]
[Date "2024.02.13"]
[Round "5"]
[White "Brahianzevich"]
[Black "santosalberto1987"]
[Result "0-1"]
[WhiteElo "2434"]
[BlackElo "2575"]
[TimeControl "180+1"]
[EndTime "8:59:14 PST"]
[Termination "santosalberto1987 won on time"]

1. e4 e6 2. d4 d5 3. Nc3 Nf6 4. e5 Nfd7 5. Nce2 c5 6. c3 Nc6 7. a3 b5 8. Nf3 a5 9. Nf4 Rb8 10. Bd3 b4 11. h4 Be7 12. Be3 bxc3 13. bxc3 cxd4 14. cxd4 Nb6 15. Qc2 Bd7 16. Bxh7 Rc8 17.
Qb1 Nc4 18. Bd3 Nxa3 19. Qb3 Nc4 20. h5 Rb8 21. Qd1 Nb2 22. Qe2 Nxd3+ 23. Qxd3 Nb4 24.
Qd1 Bb5 25. Rb1 Rc8 26. Rc1 Rxc1 27. Qxc1 Qd7 28. Qb1 Qc7 29. Nd2 Nc2+ 30. Kd1 Nb4 31. h6 g5 32. Nh5 Qc6 33. Ng7+ Kd7 34. h7 g4 35. Rh6 Ba4+ 36. Ke1 Bb5 37. f3 Nc2+ 38.
Kf2 Nxe3 0-1

[Event "Early-Titled-Tuesday-Blitz-February-13-2024"]
[Site "Chess.com"]
[Date "2024.02.13"]
[Round "5"]
[White "faraone99"]
[Black "DAVIDHDZSTS"]
[Result "1-0"]
[WhiteElo "2536"]
[BlackElo "1910"]
[TimeControl "180+1"]
[EndTime "8:59:14 PST"]
[Termination "faraone99 won on time"]

1. e4 c5 2. Nf3 e6 3. c4 Nf6 4.
Nc3 d6 5. d4 cxd4 6. Nxd4 Qc7 7.
Be3 Nbd7 8. Be2 b6 9. O-O a6 10.
f3 Bb7 11. Rc1 Nc5 12. b4 Ncd7 13. Nd5 exd5 14. cxd5 Qd8 15. Nc6 Bxc6 16. dxc6 Ne5 17. f4 Ng6 18. c7 Qc8 19. Qa4+ Nd7 20. Bb5 Be7 21. Bxd7+ Qxd7 22. c8=Q+ 1-0

[Event "Early-Titled-Tuesday-Blitz-February-13-2024"]
[Site "Chess.com"]
[Date "2024.02.13"]
[Round "5"]
[White "Yaacovn"]
[Black "TimGrutter03"]
[Result "1-0"]
[WhiteElo "2929"]
[BlackElo "2639"]
[TimeControl "180+1"]
[EndTime "8:59:15 PST"]
[Termination "Yaacovn won by resignation"]

1. d4 d5 2. e3 e6 3. Bd3 a6 4. Nd2 Bd6 5. e4 dxe4 6. Nxe4 Be7 7. Nf3 Nd7 8. Qe2 Ngf6 9. Ng3 c5 10. O-O cxd4 11.
Nxd4 Nc5 12. Rd1 Nxd3 13. Rxd3 Qc7 14. Bg5 O-O 15. Rad1 h6 16. Rc3 Qa5 17. Bd2 Qxa2 18. b3 Nd5 19. Rd3 Bf6 20. c4 Ne7 21. Qf3 e5 22.
Ne4 exd4 23. Nxf6+ gxf6 24. Qxf6 Nf5 25. g4 Qc2 26. Bf4 Ng7 27. Be5 1-0

[Event "Early-Titled-Tuesday-Blitz-February-13-2024"]
[Site "Chess.com"]
[Date "2024.02.13"]
[Round "5"]
[White "Sychev_Klementy"]
[Black "jefferyx"]
[Result "0-1"]
[WhiteElo "2908"]
[BlackElo "3024"]
[TimeControl "180+1"]
[EndTime "8:59:16 PST"]
[Termination "jefferyx won on time"]

1. e4 c5 2. Nf3 d6 3. d4 cxd4 4. Nxd4 Nf6 5. Nc3 a6 6. Bg5 e6 7.
f4 h6 8. Bh4 Qb6 9. Qd2 Qxb2 10. Rb1 Qa3 11. Be2 Nc6 12. Nxc6 bxc6 13. e5 Nd7 14.
Ne4 d5 15. Rb3 Qxa2 16. Nd6+ Bxd6 17. exd6 Nc5 18. Qc3 Nxb3 19. Qxc6+ Kf8 20. cxb3 Qa5+ 21. Kf2 Rb8 22. d7 Bxd7 23. Qd6+ Kg8 24. Qxb8+ Kh7 25. Qb7 Bb5 26. Bxb5 Qd2+ 27. Be2 Qxf4+ 28. Bf3 Qxh4+ 29.
Ke2 Qf4 30. Rd1 Rb8 31. Qxa6 Rxb3 32. Qa2 Qc4+ 33. Ke1 Re3+ 34. Be2 Qxa2 0-1

[Event "Early-Titled-Tuesday-Blitz-February-13-2024"]
[Site "Chess.com"]
[Date "2024.02.13"]
[Round "5"]
[White "ClaudiaSof"]
[Black "sotochess"]
[Result "0-1"]
[WhiteElo "2315"]
[BlackElo "2547"]
[TimeControl "180+1"]
[EndTime "8:59:16 PST"]
[Termination "sotochess won by resignation"]

1. e4 d5 2. exd5 Qxd5 3. Nc3 Qa5 4. Bc4 Nf6 5. d3 c6 6. Bd2 Qb6 7. f4 Qxb2 8. Nf3 Qb6 9. Ne5 e6 10. Rb1 Qc7 11. Qe2 Bd6 12. O-O O-O 13. Rf3 Re8 14. Rg3 Nbd7 15. Re1 b5 16. Bb3 a5 17. a4 b4 18. Ne4 Bxe5 19. fxe5 Qxe5 20. Nxf6+ Qxf6 21. Rf1 Qe7 22. Bg5 Qc5+ 23. Be3 Qe5 24. Qf2 f6 25. Bd4 Qd6 26. Bxf6 g6 27. Bb2 Rf8 28. Rf3 Rxf3 29. Qxf3 Qe7 30. Qxc6 Qc5+ 31. Qxc5 Nxc5 32.
Be5 Bd7 33. Bd6 Nxa4 34. Ra1 Nb6 35. Bc7 Nd5 36. Rxa5 Nxc7 0-1

[Event "Early-Titled-Tuesday-Blitz-February-13-2024"]
[Site "Chess.com"]
[Date "2024.02.13"]
[Round "5"]
[White "Radzio1987"]
[Black "jk13"]
[Result "1-0"]
[WhiteElo "2905"]
[BlackElo "2662"]
[TimeControl "180+1"]
[EndTime "8:59:17 PST"]
[Termination "Radzio1987 won by resignation"]

1. c4 e6 2. g3 Nf6 3. Bg2 d5 4. Nf3 dxc4 5. Qa4+ c6 6. Qxc4 b5 7. Qb3 Bb7 8. d4 Nbd7 9. Ne5 Nxe5 10. dxe5 Nd7 11.
Bf4 Qb6 12. Nc3 a6 13. O-O Be7 14. Rfd1 Rd8 15. Ne4 O-O 16. Nd6 Ba8 17. Qf3 c5 18.
Qg4 Bxg2 19. Kxg2 Qc6+ 20. Kg1 Kh8 21. Rd2 Nb6 22. Rad1 Nd5 23. Bg5 Bxg5 24. Qxg5 f6 25. Qh4 Kg8 26. e4 Ne7 27. exf6 Rxf6 28. e5 Ng6 29.
Qe4 Qxe4 30. Nxe4 Rxd2 31. Nxf6+ gxf6 32. Rxd2 Nxe5 33. Rd6 Kf7 34. Rxa6 Nd3 35. b3 b4 36.
Kf1 f5 37. Ke2 Ne5 38. Ra7+ Kg6 39. Rc7 1-0